General information
- name: BNet
- type: Ladder team game (AT/RT)
- host: Battle.net
- saver: Lumsk
map: Mur'gulOasis
- players: 8
- length: 10:17
- speed: Fast
- version: 1.26 W3XP
- replay type: Public
» download(87 KB)
Players
team 1 (loser)
CrOnIc-KinG (
red | 64 APM | 623 actions | 09:42)
4 Mountain King
2 Storm Bolt
2 Bash
» actions
| Assign group hotkey | 29 | |
| Basic commands | 2 | |
| Build / train | 52 | |
| Enter build submenu | 11 | |
| Enter hero's abilities submenu | 4 | |
| Give item / drop item | 1 | |
| Right click | 324 | |
| Select / deselect | 111 | |
| Select group hotkey | 51 | |
| Use ability | 38 | |
623 total
» units
» upgrades
» buildings
| Blacksmith | 1 | |
| Barracks | 2 | |
| Farm | 6 | |
| Altar of Kings | 1 | |
| Arcane Vault | 1 | |
| Keep | 1 | |
12 total
» build order
00:35 Blacksmith
00:38 Barracks
00:48 Farm
01:28 Altar of Kings
01:44 Farm
02:24 Farm
03:04 Farm
03:14 Barracks
03:22 Farm
04:22 Arcane Vault
04:26 Farm
05:50 Keep
» items
| Scroll of Regeneration | 2 | |
| Lesser Clarity Potion | 1 | |
| Potion of Healing | 1 | |
4 total

»
jerkstore2 (
teal | 89 APM | 860 actions | 09:40)
4 Demon Hunter
2 Mana Burn
2 Evasion
» actions
| Assign group hotkey | 16 | |
| Basic commands | 4 | |
| Build / train | 33 | |
| ESC pressed | 1 | |
| Enter build submenu | 12 | |
| Enter hero's abilities submenu | 4 | |
| Give item / drop item | 2 | |
| Right click | 410 | |
| Select / deselect | 141 | |
| Select group hotkey | 202 | |
| Use ability | 35 | |
860 total
» units
| Wisp | 13 | |
| Archer | 5 | |
| Huntress | 1 | |
| Dryad | 3 | |
22 total
» buildings
| Moon Well | 5 | |
| Altar of Elders | 1 | |
| Ancient of War | 2 | |
| Ancient of Wonders | 1 | |
| Hunter's Hall | 1 | |
| Tree of Ages | 1 | |
| Ancient of Lore | 2 | |
| Tree of Eternity | 1 | |
14 total
» build order
00:07 Moon Well
00:09 Altar of Elders
00:55 Ancient of War
01:29 Moon Well
01:57 Moon Well
02:27 Ancient of Wonders
03:38 Moon Well
04:12 Hunter's Hall
05:26 Ancient of War
05:29 Tree of Ages
08:03 Ancient of Lore
08:06 Ancient of Lore
09:08 Tree of Eternity
09:09 Moon Well
» items
| Boots of Speed | 1 | |
| Staff of Teleportation | 1 | |
2 total

»
Blue_Dream (
yellow | 44 APM | 448 actions | 10:11)
3 Demon Hunter
1 Immolation
2 Evasion
» actions
| Assign group hotkey | 21 | |
| Build / train | 32 | |
| Enter build submenu | 10 | |
| Enter hero's abilities submenu | 3 | |
| Right click | 162 | |
| Select / deselect | 121 | |
| Select group hotkey | 71 | |
| Use ability | 28 | |
448 total
» units
» upgrades
» buildings
| Altar of Elders | 1 | |
| Moon Well | 5 | |
| Ancient of War | 1 | |
| Tree of Ages | 1 | |
| Hunter's Hall | 1 | |
| Ancient of Lore | 2 | |
| Tree of Eternity | 1 | |
| Ancient Protector | 1 | |
13 total
» build order
00:21 Altar of Elders
00:26 Moon Well
00:38 Ancient of War
01:33 Moon Well
02:43 Tree of Ages
03:32 Hunter's Hall
04:14 Moon Well
04:16 Moon Well
05:11 Ancient of Lore
05:12 Ancient of Lore
06:11 Tree of Eternity
06:24 Moon Well
07:19 Ancient Protector
» items
| Potion of Healing | 1 | |
| Scroll of Town Portal | 1 | |
2 total
1_eye_jack (
pink | 52 APM | 535 actions | 10:16)
1 Tauren Chieftain
1 Endurance Aura
» actions
| Basic commands | 35 | |
| Build / train | 19 | |
| Enter build submenu | 8 | |
| Enter hero's abilities submenu | 1 | |
| Right click | 366 | |
| Select / deselect | 87 | |
| Use ability | 19 | |
535 total
» units
| Peon | 8 | |
| Troll Headhunter/Berserker | 8 | |
16 total
» buildings
| Altar of Storms | 1 | |
| Orc Burrow | 4 | |
| War Mill | 1 | |
| Barracks | 2 | |
| Stronghold | 1 | |
9 total
» build order
00:10 Altar of Storms
00:15 Orc Burrow
01:04 War Mill
01:31 Barracks
02:41 Barracks
02:50 Orc Burrow
03:33 Stronghold
04:14 Orc Burrow
07:44 Orc Burrow
team 2 (winner)
999djh (
orange | 77 APM | 789 actions | 10:16)
3 Archmage
1 Summon Water Elemental
2 Brilliance Aura
2 Paladin
1 Holy Light
1 Divine Shield
» actions
| Assign group hotkey | 5 | |
| Basic commands | 119 | |
| Build / train | 74 | |
| Enter build submenu | 12 | |
| Enter hero's abilities submenu | 5 | |
| Remove unit from queue | 3 | |
| Right click | 172 | |
| Select / deselect | 239 | |
| Select group hotkey | 106 | |
| Use ability | 54 | |
789 total
» units
| Peasant | 18 | |
| Footman | 20 | |
| Sorceress | 2 | |
| Priest | 1 | |
| Mortar Team | 4 | |
45 total
» upgrades
» buildings
| Altar of Kings | 1 | |
| Barracks | 1 | |
| Farm | 5 | |
| Scout Tower | 1 | |
| Arcane Tower | 7 | |
| Keep | 3 | |
| Blacksmith | 1 | |
| Arcane Sanctum | 1 | |
| Workshop | 1 | |
| Lumber Mill | 1 | |
| Castle | 5 | |
27 total
» build order
00:10 Altar of Kings
00:13 Barracks
00:18 Farm
00:56 Farm
01:16 Scout Tower
01:44 Arcane Tower
01:44 Arcane Tower
01:44 Arcane Tower
01:45 Arcane Tower
02:50 Keep
02:50 Keep
03:33 Farm
03:58 Blacksmith
05:41 Arcane Sanctum
06:34 Farm
07:21 Workshop
07:22 Farm
09:00 Lumber Mill
09:16 Castle
09:16 Castle
09:16 Castle
Sabboth (
blue | 77 APM | 789 actions | 10:16)
5 Dark Ranger
3 Black Arrow
2 Life Drain
1 Priestess of the Moon
1 Trueshot Aura
» actions
| Assign group hotkey | 64 | |
| Basic commands | 246 | |
| Build / train | 43 | |
| Enter build submenu | 12 | |
| Enter hero's abilities submenu | 6 | |
| Right click | 112 | |
| Select / deselect | 171 | |
| Select group hotkey | 106 | |
| Use ability | 28 | |
789 total
» units
| Wisp | 13 | |
| Archer | 11 | |
| Hippogryph | 3 | |
27 total
» upgrades
| Strength of the Moon | 2 | |
| Moon Armor | 2 | |
| Improved Bows | 1 | |
| Ultravision | 1 | |
| Hippogryph Taming | 1 | |
7 total
» buildings
| Moon Well | 4 | |
| Altar of Elders | 1 | |
| Ancient of War | 2 | |
| Ancient of Wonders | 1 | |
| Tree of Ages | 1 | |
| Hunter's Hall | 1 | |
| Ancient of Wind | 2 | |
12 total
» build order
00:17 Moon Well
00:19 Altar of Elders
01:00 Ancient of War
01:23 Moon Well
01:45 Ancient of Wonders
02:03 Moon Well
03:01 Tree of Ages
03:14 Ancient of War
03:33 Hunter's Hall
04:15 Moon Well
06:33 Ancient of Wind
06:34 Ancient of Wind
Deathmask (
purple | 61 APM | 626 actions | 10:16)
4 Blademaster
2 Wind Walk
2 Critical Strike
» actions
| Assign group hotkey | 32 | |
| Basic commands | 5 | |
| Build / train | 31 | |
| Enter build submenu | 19 | |
| Enter hero's abilities submenu | 5 | |
| Give item / drop item | 1 | |
| Right click | 351 | |
| Select / deselect | 118 | |
| Select group hotkey | 27 | |
| Use ability | 37 | |
626 total
» units
» upgrades
| Pillage | 1 | |
| Armor | 1 | |
| Ranged Weapons | 1 | |
3 total
» buildings
| Orc Burrow | 4 | |
| Altar of Storms | 1 | |
| Barracks | 1 | |
| Voodoo Lounge | 1 | |
| War Mill | 1 | |
| Stronghold | 1 | |
| Watch Tower | 6 | |
| Beastiary | 5 | |
20 total
» build order
00:16 Orc Burrow
00:51 Altar of Storms
00:53 Barracks
01:14 Orc Burrow
01:47 Voodoo Lounge
02:41 War Mill
03:35 Stronghold
03:59 Watch Tower
06:18 Beastiary
06:18 Beastiary
06:19 Beastiary
06:21 Beastiary
06:22 Beastiary
06:25 Orc Burrow
06:26 Orc Burrow
08:23 Watch Tower
08:25 Watch Tower
08:26 Watch Tower
08:28 Watch Tower
08:32 Watch Tower
» items
Lumsk (
green | 107 APM | 1105 actions | 10:17)
3 Blood Mage
2 Flame Strike
1 Siphon Mana
» actions
| Assign group hotkey | 36 | |
| Basic commands | 38 | |
| Build / train | 76 | |
| Enter build submenu | 21 | |
| Enter hero's abilities submenu | 3 | |
| Right click | 539 | |
| Select / deselect | 138 | |
| Select group hotkey | 194 | |
| Use ability | 60 | |
1105 total
» units
| Peasant | 19 | |
| Footman | 17 | |
| Sorceress | 1 | |
37 total
» upgrades
| Defend | 1 | |
| Swords | 2 | |
| Masonry | 2 | |
| Sorceress Training | 1 | |
| Magic Sentry | 1 | |
7 total
» buildings
| Altar of Kings | 1 | |
| Barracks | 1 | |
| Farm | 8 | |
| Arcane Vault | 1 | |
| Scout Tower | 3 | |
| Arcane Tower | 5 | |
| Blacksmith | 1 | |
| Keep | 1 | |
| Lumber Mill | 1 | |
| Guard Tower | 7 | |
| Arcane Sanctum | 1 | |
| Castle | 2 | |
32 total
» build order
00:15 Altar of Kings
00:18 Barracks
00:20 Farm
01:00 Farm
01:38 Farm
02:25 Arcane Vault
03:12 Farm
03:19 Farm
03:31 Farm
03:46 Scout Tower
03:56 Farm
04:13 Arcane Tower
04:13 Arcane Tower
04:13 Arcane Tower
04:54 Blacksmith
04:58 Keep
05:47 Lumber Mill
05:51 Scout Tower
06:26 Arcane Tower
06:27 Scout Tower
07:01 Guard Tower
07:19 Farm
07:26 Arcane Sanctum
08:31 Castle
09:28 Guard Tower
09:39 Guard Tower
09:39 Guard Tower
09:42 Guard Tower
09:42 Guard Tower
» items
| Scroll of Regeneration | 3 | |
| Mechanical Critter | 1 | |
| Scroll of Town Portal | 1 | |
| Lesser Clarity Potion | 1 | |
| Ivory Tower | 3 | |
9 total
Chat log
(00:10 / Allies) Sabboth: archers to hipp riders
(00:38 / All) Lumsk: Purple and I queued together, we have a 100% success rate on the first time. Leave and save yourselves the buttfrustration
(00:47 / All) Sabboth: sh
(00:55 / All) Lumsk: We never lose on the same team
(00:56 / All) Lumsk: Leave
(01:07 / All) Sabboth: ur team has double our lv
(01:10 / All) Sabboth: stop complaining
(02:34 / All) 1_eye_jack: there is a 1st time 4 everything :)
(04:05 / Allies) Deathmask: uhm
(04:11 / Allies) Deathmask: why';d you do that
(04:25 / Allies) Deathmask: came up when creeps were near dead to steal exp
(05:17 / Allies) Deathmask: he's mh I do believe
(05:29 / Allies) Sabboth: omw green
(05:56 / Allies) Sabboth: green lets counter
(06:00 / Allies) Lumsk: k
(06:04 / Allies) Sabboth: first that camp
(08:19 / All) Lumsk: I told you to leave, faggot
(08:22 / All) Lumsk: We have 100% success rate
(08:31 / All) Sabboth: oh i thought
(08:34 / All) 1_eye_jack: not our fault we have a total fuckheads for teamates
(08:38 / All) Lumsk: You're one of them btw
(08:41 / All) Lumsk: If your team sucks so do you
(08:47 / All) 1_eye_jack: Stfu im nto one of these idiots
(08:48 / All) jerkstore2: is this kid serious?
(08:52 / All) jerkstore2: there's two on his side
(08:54 / All) Lumsk: yes you are you are fucking garbage
(08:54 / All) jerkstore2: and two on our side
(08:55 / All) Lumsk: leave
(09:05 / All) Lumsk: nice bolt
(09:17 / All) 1_eye_jack: this team is a bunch of fags
(09:21 / All) Deathmask: lawl
(09:24 / All) Deathmask: ":)"
(09:47 / All) Lumsk: You are 8-12 now
(09:51 / All) Lumsk: Absolute trash
(10:04 / All) 1_eye_jack: ONLY CAUSE I GET ALLIES LIKE THIUS
(10:09 / All) Blue_Dream: noob allies
(10:14 / All) Deathmask: but you are ass yourself
(10:15 / 9) Lumsk: stay